 Dungeon Crawl Stone Soup version 0.19.5 (webtiles) character file.

107 AAAAA the Sneak (level 4, -7/36 HPs)
             Began as a Naga Enchanter on Apr 20, 2017.
             Mangled by a gnoll
             ... wielding a +0 spear
              (8 damage)
             ... on level 2 of the Dungeon.
             The game lasted 00:03:35 (2024 turns).

AAAAA the Sneak (Naga Enchanter)                    Turns: 2024, Time: 00:03:35

Health: -7/36      AC:  5    Str:  7 (10) XL:     4   Next: 85%
Magic:  5/7        EV:  5    Int: 14 (17) God:
Gold:   55         SH:  0    Dex:  9 (11) Spells: 2 memorised, 4 levels left

rFire  . . .     SeeInvis +     a - +1 dagger
rCold  . . .     Gourm    .     r - +1 robe
rNeg   . . .     Faith    .     (no shield)
rPois  +         Spirit   .     k - +0 helmet
rElec  .         Reflect  .     o - +0 cloak
rCorr  .         Harm     .     (no gloves)
MR     .....                    (no barding)
Stlth  +++.......               p - amulet of inaccuracy (curse)
                                (no ring)
                                e - ring of wizardry

@: held, very slow
A: see invisible, deformed body, poison resistance, slowness 2, slow metabolism
1, spit poison 1, wild magic 1, AC +1
a: Spit Poison


You were on level 2 of the Dungeon.
You were not hungry.

You visited 1 branch of the dungeon, and saw 2 of its levels.

You collected 55 gold pieces.

Inventory:

Hand Weapons
 a - a +1 dagger (weapon)
 b - a +0 long sword
Missiles
 u - 2 throwing nets (quivered)
Armour
 k - a +0 helmet (worn)
 o - a +0 cloak (worn)
 r - a +1 robe (worn)
Jewellery
 e - a ring of wizardry (left hand)
 p - a cursed amulet of inaccuracy (around neck)
 s - an uncursed amulet of regeneration {unknown}
Scrolls
 f - a scroll of random uselessness {unknown}
 g - a scroll of noise {unknown}
 i - 3 scrolls of remove curse {unknown}
 m - a scroll of fog {unknown}
 n - a scroll of amnesia {unknown}
 q - a scroll of enchant armour {unknown}
 v - 2 scrolls of enchant weapon {unknown}
Books
 c - a book of Maledictions

   Spells                             Type                      Level
   a - Corona                         Hexes                        1
   b - Ensorcelled Hibernation        Hexes/Ice                    2
   c - Confuse                        Hexes                        3
   d - Tukima's Dance                 Hexes                        3
   e - Dazzling Spray                 Conjuration/Hexes            3
Comestibles
 d - 2 bread rations
 w - a royal jelly


   Skills:
 + Level 2.2 Short Blades
 - Level 1.5 Dodging
 * Level 7.1 Stealth
 - Level 2.0 Spellcasting
 + Level 3.3 Hexes


You had 4 spell levels left.
You knew the following spells:

 Your Spells              Type           Power        Failure   Level  Hunger
a - Ensorcelled Hibernat  Hex/Ice        #.....       12%         2    ###....
c - Corona                Hex            ##.....      6%          1    ##.....


Dungeon Overview and Level Annotations

Branches:
Dungeon (2/15)

Altars:
Sif Muna


Innate Abilities, Weirdness & Mutations

You cannot wear boots.
Your serpentine skin is tough. (AC +1)
You have supernaturally acute eyesight. (SInv)
Armour fits poorly on your strangely shaped body.
Your system is resistant to poisons. (rPois)
You cover ground very slowly.
You have a slow metabolism.
You can spit poison.
Your spells are a little harder to cast, but a little more powerful.


Message History

It was a potion of heal wounds.
You feel much better.
The gnoll hits you from afar with a spear! x2
A gnoll comes into view. It is wielding a flail.
You tear a large gash into the net.
The gnoll hits you from afar with a spear!
* * * LOW HITPOINT WARNING * * *
The gnoll hits you from afar with a spear.
* * * LOW HITPOINT WARNING * * *
It was a potion of beneficial mutation.
You feel less in control of your magic.
You feel fantastic!
The gnoll hits you from afar with a spear.
* * * LOW HITPOINT WARNING * * *
The gnoll completely misses you.
It was a potion of degeneration.
There was something very wrong with that liquid.
You feel weakened.
You feel dopey.
You feel clumsy. The gnoll hits you but does no damage.
The gnoll hits you from afar with a spear!
You die...

#### #... #.## ######.##
### ############........
.....#..@.........####.##
........#####...### #.##
.#g...gg.# #.....# #...
#.#....## ##..[## ####
....#.## ##.## #...#. #.#
### #. #.# #. ##+# ..
##...## #


You could see 3 gnolls.

Vanquished Creatures
  3 gnolls (D:2)
  4 adders (D:2)
  A leopard gecko (D:2)
  A giant cockroach (D:2)
  4 goblins
  6 hobgoblins
  6 kobolds
  A quokka (D:2)
  A ball python (D:1)
  9 bats
  5 frilled lizards
  4 rats
45 creatures vanquished.

Notes
Turn   | Place    | Note
-------+----------+-------------------------------------------
     0 | D:1      | AAAAA the Naga Enchanter began the quest for the Orb.
     0 | D:1      | Reached XP level 1. HP: 15/15 MP: 3/3
   188 | D:1      | Reached XP level 2. HP: 22/22 MP: 5/5
   526 | D:1      | Reached skill level 5 in Stealth
   530 | D:1      | Learned a level 2 spell: Ensorcelled Hibernation
  1033 | D:1      | Reached XP level 3. HP: 28/28 MP: 6/6
  1105 | D:2      | Reached skill level 6 in Stealth
  1472 | D:2      | Reached XP level 4. HP: 29/36 MP: 0/7
  1811 | D:2      | Found a faded altar of an unknown god.
  1856 | D:2      | Found a deep blue altar of Sif Muna.
  1934 | D:2      | Reached skill level 7 in Stealth
  2023 | D:2      | Gained mutation: Your spells are a little harder to cast, but a little more powerful. [potion of beneficial mutation]
  2023 | D:2      | HP: 1/36 [gnoll/spear (5)]
  2024 | D:2      | Mangled by a gnoll

Skill      XL: |  1  2  3  4 |
---------------+-------------+-----
Stealth        | 5 6 7 |  7.1
Short Blades   | 2 |  2.2
Dodging        | |  1.5
Spellcasting   | |  2.0
Hexes          | |  3.3

Action                   |  1- 3 |  4- 6 || total
-------------------------+-------+-------++-------
Melee: Dagger            |    71 |    19 ||    90
 Cast: Corona            |     5 |       ||     5
       Ensorcelled Hiber |    18 |     9 ||    27
 Abil: Spit Poison       |    10 |     2 ||    12
  Use: Potion            |       |     3 ||     3
 Stab: Sleeping          |    14 |     8 ||    22
  Eat: Chunk             |     3 |     2 ||     5
Armor: Robe              |    44 |    13 ||    57
Dodge: Dodged            |    56 |    10 ||    66
